 Dungeon Crawl Stone Soup version 0.27-a0-95-g5a9077b8ae (webtiles) character file.

Game seed: 15246891941092627614

343 knot the Chopper (level 6, 18/70 HPs)
             Began as a Demonspawn Berserker on Jan 19, 2021.
             Was a Believer of Trog.
             Quit the game on level 4 of the Dungeon.
             The game lasted 00:04:39 (4117 turns).

knot the Chopper (Demonspawn Berserker)             Turns: 4117, Time: 00:04:39

Health: 18/70      AC:  5    Str: 17    XL:     6   Next: 31%
Magic:  1/6        EV: 12    Int: 10    God:    Trog [**....]
Gold:   210        SH:  0    Dex: 13    Spells: 5/5 levels left

rFire    . . .     SeeInvis .   a - +0 hand axe
rCold    . . .     Faith    .   (no shield)
rNeg     . . .     Spirit   +   b - +0 animal skin
rPois    .         Reflect  .   (helmet restricted)
rElec    .         Harm     .   (no cloak)
rCorr    .         Rampage  .   e - +0 pair of gloves (curse)
Will     .....                  (no boots)
Stlth    ..........             (no amulet)
HPRegen  0.21/turn              (no ring)
MPRegen  0.20/turn              (no ring)

@: berserking, very quick
A: horns 1, thin metallic scales 1, magic shield, magic regeneration
a: Renounce Religion, Berserk, Trog's Hand


You were on level 4 of the Dungeon.
You worshipped Trog.
Trog was pleased with you.
You visited 1 branch of the dungeon, and saw 4 of its levels.

You collected 210 gold pieces.

Inventory:

Hand Weapons
 a - a +0 hand axe (weapon)
Missiles
 c - 159 stones
 p - 7 poisoned darts (quivered)
 r - 4 boomerangs
 s - 3 silver boomerangs
Armour
 b - a +0 animal skin (worn)
 e - a cursed +0 pair of gloves (worn)
Wands
 t - a wand of acid (3)
 u - a wand of flame (16)
Scrolls
 g - a scroll of amnesia {unknown}
 h - 2 scrolls of identify {unknown}
 i - 2 scrolls of teleportation {unknown}
 k - a scroll of enchant armour {unknown}
 l - a scroll of magic mapping {unknown}
 m - a scroll of enchant weapon {unknown}
 n - 2 scrolls of remove curse {unknown}
 o - a scroll of blinking {unknown}
Potions
 d - 4 potions of curing {unknown}
 f - a potion of degeneration {unknown}
 j - 3 potions of might {unknown}
 q - a potion of heal wounds {unknown}


   Skills:
 - Level 3.0 Fighting
 * Level 5.5 Axes
 * Level 3.1 Throwing
 - Level 1.7 Armour
 - Level 1.7 Dodging


You had 5 spell levels left.
You didn't know any spells.
Your spell library was empty.

Dungeon Overview and Level Annotations

Branches:
Dungeon (4/15)             Temple (0/1) D:4

Altars:
Cheibriados
Okawaru
Trog
Uskayaw
Yredelemnul


Innate Abilities, Weirdness & Mutations

You have a pair of small horns on your head.
You are partially covered in thin metallic scales. (AC +2)
When hurt, damage is shared between your health and your magic reserves.
You regenerate magic rapidly.


Message History

The ogre hits you with a +0 giant club!!
You barely miss the ogre.
The ogre is moderately wounded.
You slash the ogre!
The ogre is severely wounded.
The ogre hits you with a +0 giant club!!
* * * LOW HITPOINT WARNING * * *
An orc comes into view. It is wielding a +0 club.
You hit the ogre.
The ogre is almost dead.
You slash the ogre!
You kill the ogre!
Trog accepts your kill.
Your Throwing skill increases to level 3!
You have reached level 6!
Your experience leads to an increase in your attributes!
Increase (S)trength, (I)ntelligence, or (D)exterity?
You feel clever.
Your demonic ancestry asserts itself...
Thin metallic scales grow over part of your body.
Are you sure you want to abandon this character and quit the game? (Confirm with "yes".)

###### .....# ...#.#
##)#.# ################
#.#.#####.[))..........#
..#......o############.##
###.......((.o)@........#
#.#.#.##############..####
#.#.#.# #.<......# ..#.#.#
#.##..##.# #..#)#.#
#.##..##.### .....#.# .##
#.##........ .#..###..
§≈≈..#.#...#####. ###
≈≈§≈≈.......#
≈≈≈§≈≈......#


You could see 2 orcs.

Vanquished Creatures
  An ogre (D:4)
  A scorpion (D:3)
  2 orc priests
  An orc wizard (D:3)
  4 adders
  3 worms (D:2)
  3 leopard geckos
  11 orcs
  A giant cockroach (D:1)
  10 goblins
  4 hobgoblins
  A jackal (D:2)
  4 kobolds
  A quokka (D:3)
  2 ball pythons (D:2)
  7 bats
  6 frilled lizards
  7 rats
  A spectral orc (D:3)
70 creatures vanquished.

Notes
Turn   | Place    | Note
-------+----------+-------------------------------------------
     0 | D:1      | knot the Demonspawn Berserker began the quest for the Orb.
     0 | D:1      | Reached XP level 1. HP: 18/18 MP: 1/1
   282 | D:1      | Reached skill level 3 in Axes
   433 | D:1      | Gained mutation: When hurt, damage is shared between your
                  | health and your magic reserves. [demonic ancestry]
   433 | D:1      | Reached XP level 2. HP: 24/24 MP: 2/2
  1229 | D:2      | Reached skill level 4 in Axes
  1229 | D:2      | Reached XP level 3. HP: 29/29 MP: 3/3
  1512 | D:2      | Reached ** piety under Trog
  1818 | D:2      | Found a hide-covered altar of Uskayaw.
  2413 | D:3      | Gained mutation: You have a pair of small horns on your
                  | head. [demonic ancestry]
  2413 | D:3      | Reached XP level 4. HP: 27/35 MP: 2/4
  2417 | D:3      | Reached skill level 1 in Throwing
  2704 | D:3      | Gained mutation: You regenerate magic rapidly. [demonic
                  | ancestry]
  2704 | D:3      | Reached XP level 5. HP: 22/41 MP: 3/5
  3070 | D:3      | Reached skill level 5 in Axes
  3395 | D:3      | Found a snail-covered altar of Cheibriados.
  3436 | D:3      | Found a basalt altar of Yredelemnul.
  3682 | D:3      | Found a bloodstained altar of Trog.
  3905 | D:3      | Found an iron altar of Okawaru.
  3985 | D:4      | Found a staircase to the Ecumenical Temple.
  4081 | D:4      | Noticed an ogre
  4116 | D:4      | Killed an ogre
  4117 | D:4      | Gained mutation: You are partially covered in thin metallic
                  | scales. (AC +2) [demonic ancestry]
  4117 | D:4      | Reached XP level 6. HP: 18/47 MP: 1/6
  4117 | D:4      | Quit the game

Illustrated notes

Levels and vault maps discovered:
D:1:      lemuel_arrival_behind_the_door_large, layout_basic
D:2:      layout_basic, marbit_many_paths, minmay_bisected
D:3:      layout_basic, okawaru_gym_becter, yredelemnul_forgotten_temple_becter,
          lemuel_doored_altar, trog_butcher_becter
D:4:      layout_loops_ring, makhleb_grotto_becter, minmay_temple_entry_mist,
          uniq_eustachio

Skill      XL: |  1  2  3  4  5 |
---------------+----------------+-----
Axes           | 3 4 5 |  5.5
Throwing       | 2 3 |  3.1
Fighting       | |  3.0
Armour         | |  1.7
Dodging        | |  1.7

Action                   |  1- 3 |  4- 6 || total
-------------------------+-------+-------++-------
Melee: Hand axe          |   133 |    77 ||   210
       Headbutt          |       |    11 ||    11
Throw: Dart              |     5 |    51 ||    56
Invok: Berserk           |     4 |     4 ||     8
       Trog's Hand       |     1 |       ||     1
 Stab: Sleeping          |     1 |       ||     1
Armor: Animal skin       |    33 |     7 ||    40
Dodge: Dodged            |    82 |    54 ||   136

Table legend: (Time is in decaauts)
 A = Elapsed time spent in this place.
 B = Non-inter-level travel time spent in this place.
 C = Inter-level travel time spent in this place.
 D = Time resting spent in this place.
 E = Time spent auto-exploring this place.
 F = Levels seen in this place.
 G = Mean time per level.
                   A        B        C        D        E       F      G
               +--------+--------+--------+--------+--------+-----+--------+
         Total |   4190 |   4086 |    104 |   1455 |   2111 |   4 | 1047.5 |
       Dungeon |   4190 |   4086 |    104 |   1455 |   2111 |   4 | 1047.5 |
               +--------+--------+--------+--------+--------+-----+--------+

Top non-repeatable levels by time:
     D:3: 1679 daAuts
     D:2: 1235 daAuts
     D:1: 1142 daAuts
     D:4: 133 daAuts
